 Dungeon Crawl Stone Soup version 0.14-a0-1474-g1105da3 (webtiles) character file.

56 Khlestharos the Grave Robber (level 2, 0/17 HPs)
             Began as an Octopode Necromancer on Dec 15, 2013.
             Slain by a hobgoblin (3 damage)
             ... on Level 1 of the Dungeon.
             The game lasted 00:04:27 (415 turns).

Khlestharos the Grave Robber (Octopode Necromancer)  Turns: 415, Time: 00:04:27

HP   0/17        AC  1     Str  7      XL: 2   Next: 45%
MP   3/4         EV 12     Int 25      God:
Gold 42          SH  0     Dex 12      Spells:  1 memorised,  4 levels left

rFire  . . .     SeeInvis .     (no weapon)
rCold  . . .     Clarity  .     (no shield)
rNeg   . . .     Conserve .     (helmet restricted)
rPois  .         rCorr    .     (no amulet)
rElec  .         rRot     .     e - +4 ring of intelligence
SustAb . .       Spirit   .     j - +4 ring of intelligence
rMut   .         Warding  .     (no ring)
Saprov . . .     Stasis   .     (no ring)
                                (no ring)
                                (no ring)
                                (no ring)
                                (no ring)

@: not resistant to hostile enchantments, quite stealthy
A: almost no armour, amphibious, 8 rings, constrict 8, camouflage 1, gelatinous
body 1
a: no special abilities


You were on level 1 of the Dungeon.
You were not hungry.

You visited 1 branch of the dungeon, and saw 1 of its levels.

You collected 42 gold pieces.

Inventory:

Missiles
 d - 8 sling bullets of frost
 h - 4 tomahawks (quivered)
Comestibles
 a - a snozzcumber
 c - a bread ration
 i - a pear
Scrolls
 f - 2 scrolls of teleportation {unknown}
 k - a scroll of curse weapon {unknown}
 l - a scroll of curse armour {unknown}
Jewellery
 e - a +4 ring of intelligence (left tentacle)
 j - a +4 ring of intelligence (right tentacle)
Potions
 g - a potion of curing {unknown}
 m - a potion of restore abilities {unknown}
Books
 b - a book of Necromancy

   Spells                             Type                      Level
   *Pain                              Necromancy                   1
   Animate Skeleton                   Necromancy                   1
   Lethal Infusion                    Charms/Necromancy            2
   Vampiric Draining                  Necromancy                   3
   Regeneration                       Charms/Necromancy            3
   Animate Dead                       Necromancy                   4
   Control Undead                     Necromancy                   4


   Skills:
 + Level 2.0 Dodging
 + Level 2.9 Stealth
 + Level 2.1 Spellcasting
 + Level 4.4 Necromancy


You had 4 spell levels left.
You knew the following spells:

 Your Spells              Type           Power        Failure   Level  Hunger
a - Pain                  Necr           ###.         1%          1    None


Dungeon Overview and Level Annotations

Branches:
Dungeon (1/16)

Altars:


Innate Abilities, Weirdness & Mutations

You cannot wear most types of armour.
You are amphibious.
You can wear up to eight rings at the same time.
You can use your tentacles to constrict many enemies at once.
Your skin changes colour to match your surroundings (Stlth).
Your rubbery body absorbs attacks (AC +1).


Message History

Confirm with . or Enter, or press ? or * to list all spells.
Aiming: Pain
Press: ? - help, Shift-Dir - straight line, f/p - kobold
Aim: a kobold, wielding a whip (severely wounded)
The kobold convulses in agony!
You kill the kobold!
Things that are here:
a whip; a bat corpse A hobgoblin comes into view.
Found a stone staircase leading down.
You closely miss the hobgoblin. You grab the hobgoblin.
You constrict the hobgoblin. You hit the hobgoblin but do no damage.
The hobgoblin is moderately wounded.
You constrict the hobgoblin. The hobgoblin closely misses you.
You release your grip on the hobgoblin.
You hit the hobgoblin. You grab the hobgoblin.
The hobgoblin is heavily wounded.
You constrict the hobgoblin. The hobgoblin hits you.
You die...

#..##.()....#######.#
#.#
#..##.####............
..# #..#..#
#.##...###.# ###
#...#.####.#...>.##.#
#..###...........##.#
#... ####.#.....# .# $
#.##...## .#
#.###.####.# #.#
#..@g..# . ######.# .#
.. #.. #.. ... #>


You could see a hobgoblin.

Vanquished Creatures
  2 giant cockroaches (D:1)
  3 goblins (D:1)
  3 hobgoblins (D:1)
  A ball python (D:1)
  A bat (D:1)
  2 jackals (D:1)
  2 kobolds (D:1)
14 creatures vanquished.

Notes
Turn   | Place    | Note
--------------------------------------------------------------
     0 | D:1      | Khlestharos, the Octopode Necromancer, began the quest for the Orb.
     0 | D:1      | Reached XP level 1. HP: 11/11 MP: 3/3
   182 | D:1      | Reached XP level 2. HP: 7/17 MP: 0/4
   415 | D:1      | Slain by a hobgoblin

Action                   || total
-------------------------++-------
Melee: Unarmed           ||    23
Throw: Tomahawk          ||     2
 Cast: Pain              ||    13
 Stab: Sleeping          ||     1
